 Dungeon Crawl Stone Soup version 0.29.1-2-gbd0b4ee654 (webtiles) character file.

Game seed: 12080932297375993815

18091 unlimited1921 the Thaumaturge (level 12, -9/109 HPs)
             Began as a Djinni Fire Elementalist on Oct 24, 2022.
             Was a High Priest of Fedhas.
             Mangled by an enormous slime creature (67 damage)
             ... on level 13 of the Dungeon on Oct 25, 2022.
             The game lasted 01:44:29 (14426 turns).

unlimited1921 the Thaumaturge (DjFE)               Turns: 14426, Time: 01:44:30

Health: -9/109     AC: 26    Str:  7    XL:     12   Next: 90%
Gold:   673        EV:  2    Int: 20    God:    Fedhas [*****.] SH: 13 Dex: 16

rFire   . . .      SeeInvis .   k - +1 war axe (vorpal)
rCold   + . .      Faith    .   m - +0 tower shield
rNeg    . . .      Spirit   .   (body armour currently unavailable)
rPois   ∞          Reflect  .   (helmet currently unavailable)
rElec   .          Harm     .   (cloak currently unavailable)
rCorr   .          Rampage  .   (gloves currently unavailable)
Will    +....      NoTele   +   (boots unavailable)
Stlth   +++.......              N - amulet of regeneration
HPRegen 1.08/turn               b - ring of protection from cold
MPRegen 0.00/turn               g - +4 ring of evasion

@: tree-form, hasted, very quick
A: stationary, stasis, torment immunity, boosted hp, sickness immunity, (fire
resistance 2), (cold vulnerability 1), float, innate caster, HP casting, extra
vitality 1
a: Renounce Religion, Wall of Briars, Grow Ballistomycete, Overgrow, Grow Oklob


You were on level 13 of the Dungeon.
You worshipped Fedhas.
Fedhas was extremely pleased with you.
You were a tree.
You visited 1 branch of the dungeon, and saw 13 of its levels.

You collected 736 gold pieces.
You spent 63 gold pieces at shops.

Inventory:

Hand Weapons
 e - a +1 dagger of electrocution
 k - a +1 vorpal war axe (weapon)
 p - a +2 arbalest of flaming
 x - a +4 flail
 I - a +0 hand axe of draining
 R - a +1 trident of venom
 X - a +4 vorpal spear
Missiles
 Q - 2 throwing nets
 W - 6 javelins
Armour
 a - +0 acid dragon scales
 c - a +0 pair of gloves (melded)
 m - a +0 tower shield (worn)
 r - a +0 helmet (melded)
 y - a +1 leather armour of fire resistance (melded)
 z - a +1 cloak (melded)
Jewellery
 b - a ring of protection from cold (left branch)
 g - a +4 ring of evasion (right branch)
 l - a +6 ring of intelligence
 E - a ring of see invisible
 J - a ring of ice
 K - a +6 ring of dexterity
 L - a ring of protection from fire
 N - an amulet of regeneration (around neck)
 S - a ring of willpower
Wands
 n - a wand of flame (25)
 P - a wand of iceblast (20) (quivered)
 Y - a wand of digging (9)
Scrolls
 h - 3 scrolls of teleportation
 j - a scroll of acquirement
 o - 3 scrolls of blinking {unknown}
 s - a scroll of fog
 t - 2 scrolls of enchant weapon {unknown}
 w - 2 scrolls of magic mapping {unknown}
 A - 2 scrolls of poison
 B - 3 scrolls of torment
 D - 3 scrolls of identify
 G - 3 scrolls of enchant armour {unknown}
 T - a scroll of silence {unknown}
 U - a scroll of brand weapon
Potions
 d - 2 potions of curing
 f - a potion of invisibility {unknown}
 i - a potion of berserk rage {unknown}
 q - a potion of attraction {unknown}
 u - 2 potions of heal wounds
 C - 2 potions of haste
 F - 3 potions of might {unknown}
 H - 4 potions of lignification
 O - 2 potions of brilliance {unknown}
 V - a potion of magic {unknown}
 Z - a potion of cancellation {unknown}


   Skills:
 + Level 1.2 Fighting
 + Level 1.2 Axes
 + Level 4.9 Armour
 + Level 3.6 Dodging
 * Level 4.1 Stealth
 * Level 4.1 Shields
 + Level 14.1 Spellcasting
 * Level 2.9 Invocations
 + Level 0.1 Evocations


You had 11 spell levels left.
You knew the following spells:

 Your Spells              Type           Power      Damage    Failure   Level
a - Foxfire               Conj/Fire      100%       2x1d9     1%          1
b - Scorch                Fire           100%       2d10      1%          2
c - Conjure Flame         Conj/Fire      63%        6-21      1%          3
d - Inner Flame           Hex/Fire       63%        N/A       1%          3
e - Flame Wave            Conj/Fire      63%        2d15      1%          4
f - Magic Dart            Conj           100%       1d8       1%          1
g - Poisonous Vapours     Pois/Air       100%       N/A       1%          2
h - Ozocubu's Armour      Ice            63%        N/A       1%          3
i - Hailstorm             Conj/Ice       63%        3d13      1%          4
j - Manifold Assault      Tloc           63%        N/A       4%          5
Your spell library was empty.

Dungeon Overview and Level Annotations

Branches:
Dungeon (13/15)            Temple (0/1) D:4            Lair (0/5) D:9
    Orc (0/2) D:9
 Vaults: D:13-14

Altars:
Dithmenos
Elyvilon
Fedhas
Nemelex Xobeh
Okawaru
Ru
Wu Jian
Zin
The Shining One

Shops:
D:7 [   D:8 (   D:9 :

Annotations:
D:5 2 transporters, Homeless's ghost, novice OpHW
D:6 2 runed translucent doors, Arctor's ghost, novice DsGl
D:9 1 runed translucent door, Ychaviel's ghost, journeyman MiFi


Innate Abilities, Weirdness & Mutations

You are a tree.
Your roots penetrate the ground, keeping you stationary.
You cannot be teleported.
You are immune to unholy pain and torment.
Your maximum health is greatly increased.
Your equipment is partially melded.
You are immune to sickness and miasma.
You are immune to poison.
((Your flesh is very heat resistant. (rF++)))
((You are vulnerable to cold. (rC-)))
You float through the air rather than walking.
You learn spells naturally, not from books.
Your magical power is your life essence.
You have superior vitality. (+4 MHP)


Message History

Okay, then.
Aiming: Iceblast
Press: ? - help, Q - select action, (/) - cycle Shift-Dir - straight line, f/p - centaur warrior
Aim: a centaur warrior (heavily wounded, inner flame, ally target)
Okay, then.
It was a potion of heal wounds.
You feel much better.
The centaur warrior hits your ballistomycete spore!
Your ballistomycete spore explodes!
The enormous slime creature appears confused.
The explosion of spores engulfs the enormous slime creature.
Flame seeps out of the enormous slime creature.
The enormous slime creature is moderately wounded.
The centaur warrior appears confused.
The explosion of spores engulfs the centaur warrior!
Flame seeps out of the centaur warrior.
The centaur warrior is severely wounded.
Fedhas protects your plant from harm. x2
Your ballistomycete spore explodes!
The centaur warrior appears confused.
The explosion of spores engulfs the centaur warrior!
Fedhas appreciates your contribution to the ecosystem.
The centaur warrior explodes!
The fiery explosion engulfs the enormous slime creature!!
Flame seeps out of the enormous slime creature.
The enormous slime creature is moderately wounded.
Fedhas protects your plant from harm.
A cyclops comes into view.
You hear a shout!
Casting: Inner Flame (safe; 1% risk of failure)
Confirm with . or Enter, or press ? or * to list all spells.
Aiming: Inner Flame (safe; 1% risk of failure)
Press: ? - help, Dir - move target, f - cyclops
Aim: a cyclops, quivering large rocks (chance to affect: 89%)
The cyclops is filled with an intense inner flame!
The enormous slime creature is engulfed in blazing flames.
Flame seeps out of the enormous slime creature.
The enormous slime creature hits you!!!
Ouch! That really hurt!
You die...
Fedhas appreciates your contribution to the ecosystem.

#..#.##.#
#..#.##.#
....#J##.## .
.##..#.##.. .. #
#).#C##.# ##.#.
##☼.#.##.##°.☼..
#...☼P§○§.°☼#.#
........§JP†☼○○.#
......#.##♣#..###
#.##..#.##.# .# #
#..#.##°# # ..
.....# ##. ......
......☼ ####


You could see an enormous slime creature (inner flame, confused, ally target)
and a cyclops (inner flame).

Vanquished Creatures
  Snorg (D:10)
  A boulder beetle (D:12)
  2 centaur warriors (D:13)
  A two-headed ogre (D:12)
  Pikel (D:5)
  A deep elf pyromancer (D:12)
  A manticore (D:13)
  2 cyclopes
  Joseph (D:8)
  2 gargoyles
  Maggie (D:9)
  A kobold demonologist (D:11)
  A komodo dragon (D:9)
  A troll (D:12)
  Prince Ribbit (D:8)
  A slime creature (D:13)
  Sigmund (D:3)
  2 wyverns
  A vampire (D:12)
  3 wraiths
  A shadow (D:10)
  Eustachio (D:5)
  14 yaks
  2 steam dragons
  A basilisk (D:12)
  11 vampire mosquitoes
  4 acid dragons
  8 water moccasins
  5 orc warriors
  2 black bears (D:9)
  3 ogres
  2 ice beasts
  A phantom (D:5)
  A centaur (D:8)
  A lemure (D:5)
  A kobold brigand (D:6)
  2 gnoll sergeants
  5 necrophages
  3 bullfrogs
  2 scorpions
  14 wights
  12 killer bees
  4 howler monkeys
  A jelly (D:6)
  A gnoll bouda (D:5)
  2 hounds
  9 orc priests
  Crazy Yiuf (D:3)
  An iron imp (D:7)
  Jessica (D:3)
  An iguana (D:5)
  7 orc wizards
  A killer bee simulacrum (D:8)
  14 gnolls
  10 adders
  2 shadow imps
  2 white imps
  An ufetubus (D:5)
  2 worms
  5 dart slugs
  37 orcs
  3 ball pythons
  7 bats
  4 endoplasms
  3 giant cockroaches
  7 goblins
  6 hobgoblins
  6 jackals (D:3)
  11 kobolds
  4 frilled lizards
  A goblin skeleton (D:7)
  3 goblin zombies (D:7)
  3 hobgoblin zombies (D:7)
  2 kobold skeletons (D:7)
  A kobold zombie (D:7)
  4 orc skeletons (D:7)
  2 orc zombies (D:7)
  4 rats
295 creatures vanquished.

Vanquished Creatures (collateral kills)
  A ballistomycete spore (D:13)
1 creature vanquished.

Vanquished Creatures (others)
  A ballistomycete spore (D:13)
  420 foxfires
  52 fungi (D:9)
  43 plants (D:9)
516 creatures vanquished.

Grand Total: 812 creatures vanquished

Notes
Turn   | Place    | Note
-------+----------+-------------------------------------------
     0 | D:1      | unlimited1921 the Djinni Fire Elementalist began the quest
                  | for the Orb.
     0 | D:1      | unlimited1921 set off with the following spells memorised:
                  | Foxfire, Scorch, Conjure Flame, Inner Flame, Flame Wave.
     0 | D:1      | Reached XP level 1. HP: 15/15 MP: 0/0
    52 | D:1      | Found a faded altar of an unknown god.
   269 | D:1      | Reached XP level 2. HP: 14/21 MP: 0/0
  1359 | D:2      | Found a blossoming altar of Fedhas.
  1368 | D:2      | Became a worshipper of Fedhas Madash
  1407 | D:2      | Reached skill level 3 in Spellcasting
  1407 | D:2      | Reached XP level 3. HP: 21/25 MP: 0/0
  1407 | D:2      | Learned a level 1 spell: Magic Dart
  1807 | D:2      | Reached XP level 4. HP: 10/31 MP: 0/0
  3004 | D:3      | Noticed Jessica
  3008 | D:3      | Killed Jessica
  3008 | D:3      | Reached * piety under Fedhas
  3009 | D:3      | Reached XP level 5. HP: 28/35 MP: 0/0
  3009 | D:3      | Learned a level 2 spell: Poisonous Vapours
  3303 | D:3      | Found a runed translucent door.
  3304 | D:3      | Noticed Crazy Yiuf
  3322 | D:3      | Noticed Sigmund
  3327 | D:3      | Killed Sigmund
  3328 | D:3      | Reached skill level 4 in Spellcasting
  3328 | D:3      | Reached XP level 6. HP: 29/40 MP: 0/0
  4148 | D:3      | Identified the +1 robe of Ru's Felicitations {Slay+2}
  4471 | D:3      | Killed Crazy Yiuf
  4601 | D:4      | Found a staircase to the Ecumenical Temple.
  4612 | D:4      | Reached XP level 7. HP: 42/45 MP: 0/0
  4612 | D:4      | Learned a level 3 spell: Ozocubu's Armour
  4659 | D:4      | Reached skill level 5 in Spellcasting
  4907 | D:4      | Reached skill level 1 in Armour
  5429 | D:5      | Entered Level 5 of the Dungeon
  5433 | D:5      | Noticed Pikel
  5440 | D:5      | Killed Pikel
  5441 | D:5      | Reached skill level 6 in Spellcasting
  5441 | D:5      | Reached XP level 8. HP: 21/50 MP: 0/0
  5811 | D:5      | Reached skill level 7 in Spellcasting
  5811 | D:5      | Noticed Eustachio
  5819 | D:5      | Killed Eustachio
  5820 | D:5      | Reached XP level 9. HP: 41/55 MP: 0/0
  5820 | D:5      | Learned a level 4 spell: Hailstorm
  6045 | D:5      | Found a transporter.
  6047 | D:5      | Noticed Homeless's ghost (novice OpHW)
  6097 | D:5      | Found a transporter.
  6175 | D:5      | Reached ** piety under Fedhas
  6492 | D:5      | Reached skill level 8 in Spellcasting
  7555 | D:6      | Reached skill level 9 in Spellcasting
  7685 | D:6      | Found a large runed translucent door.
  7685 | D:6      | Found a large runed translucent door.
  7756 | D:6      | Noticed Arctor's ghost (novice DsGl)
  7986 | D:7      | Found Ustro's Armour Shop.
  8197 | D:7      | Identified a scroll of acquirement
  8216 | D:7      | Bought a +0 pair of gloves for 63 gold pieces
  8238 | D:7      | Reached *** piety under Fedhas
  8250 | D:7      | Reached XP level 10. HP: 23/61 MP: 0/0
  8487 | D:7      | Found a glowing golden altar of the Shining One.
  9448 | D:8      | Found Beuko's Antique Weapon Shop.
  9522 | D:8      | Found a sacrificial altar of Ru.
  9525 | D:8      | Found a shadowy altar of Dithmenos.
  9526 | D:8      | Found an iron altar of Okawaru.
  9528 | D:8      | Found an ornate altar of the Wu Jian Council.
  9598 | D:8      | Noticed Joseph
  9612 | D:8      | Killed Joseph
  9724 | D:8      | Reached skill level 10 in Spellcasting
  9790 | D:8      | Found a glowing silver altar of Zin.
  9830 | D:8      | Found a white marble altar of Elyvilon.
  9831 | D:8      | Noticed Prince Ribbit
  9869 | D:8      | Killed Prince Ribbit
 10347 | D:9      | Found a runed translucent door.
 10350 | D:9      | Noticed Ychaviel's ghost (journeyman MiFi)
 10379 | D:9      | Found Amoagg's Book Shop.
 10436 | D:9      | Noticed Maggie
 10445 | D:9      | Killed Maggie
 10446 | D:9      | Reached skill level 1 in Axes
 10516 | D:9      | Reached **** piety under Fedhas
 10547 | D:9      | Found a staircase to the Orcish Mines.
 10658 | D:9      | Reached skill level 11 in Spellcasting
 10800 | D:9      | Noticed a komodo dragon
 10806 | D:9      | Killed a komodo dragon
 10807 | D:9      | Reached XP level 11. HP: 53/66 MP: 0/0
 10807 | D:9      | Learned a level 5 spell: Manifold Assault
 10872 | D:9      | Found a staircase to the Lair.
 10961 | D:9      | Found a sparkling altar of Nemelex Xobeh.
 10980 | D:9      | Reached skill level 12 in Spellcasting
 11305 | D:9      | Identified the +10 trident "Ywunku Exze" {distort, Fragile
                  | rElec Str+3}
 11432 | D:10     | Entered Level 10 of the Dungeon
 11435 | D:10     | Noticed Snorg
 11441 | D:10     | Killed Snorg
 11441 | D:10     | Reached ***** piety under Fedhas
 11967 | D:10     | Reached skill level 1 in Shields
 12564 | D:11     | Reached skill level 13 in Spellcasting
 12670 | D:11     | Reached XP level 12. HP: 65/71 MP: 0/0
 13664 | D:12     | Reached skill level 1 in Invocations
 13726 | D:12     | Noticed a boulder beetle
 13741 | D:12     | Killed a boulder beetle
 13742 | D:12     | Reached skill level 1 in Fighting
 14107 | D:12     | Noticed a two-headed ogre
 14116 | D:12     | Killed a two-headed ogre
 14396 | D:13     | Noticed a centaur warrior
 14402 | D:13     | Killed a centaur warrior
 14403 | D:13     | Reached skill level 14 in Spellcasting
 14415 | D:13     | Noticed a centaur warrior
 14425 | D:13     | Killed a centaur warrior
 14426 | D:13     | Mangled by an enormous slime creature

Illustrated notes

Levels and vault maps discovered:
D:1:      shiori_shiawase, layout_rooms, shapermc_ecumenical_altar_acropolis
D:2:      layout_loops_ring, basic_altar, chequers_serial_rivers_room_b
D:3:      layout_rooms, kennysheep_orc_sif_temple, uniq_jessica, uniq_sigmund,
          uniq_crazy_yiuf_cottage
D:4:      layout_cave_pools, minmay_temple_entry_tees
D:5:      layout_basic, gammafunk_ghost_mausoleum, uniq_pikel, uniq_eustachio
D:6:      layout_cave_pools, ebering_ghost_disaster_area, grunt_ministairs_5
D:7:      layout_rooms, nicolae_tso_besieged_by_evil, serial_shops,
          nicolae_square_shop, patterned_corridor
D:8:      layout_loops_ring, grunt_temple_overflow_open, elyvilon_altar_5,
          mainiacjoe_overflow_alcove_4, serial_shops, shop,
          kennysheep_just_a_vault, uniq_joseph, uniq_prince_ribbit1
D:9:      layout_irregular_city, mainiacjoe_overflow_catwalk,
          due_lair_maze_entry_diamond, david_orc_5, serial_shops, shop,
          ebering_ghost_funeral_grove, uniq_maggie
D:10:     layout_basic, uniq_snorg
D:11:     layout_basic
D:12:     layout_roguey
D:13:     slaughterhouse, layout_basic, serial_shops, shop

Skill      XL: |  1  2  3  4  5  6  7  8  9 10 11 12 |
---------------+-------------------------------------+-----
Spellcasting   | 3 4 6 7 9 11 13 14 | 14.1
Stealth        | 2 3 4 |  4.1
Dodging        | 3 |  3.6
Armour         | 2 3 4 |  4.9
Axes           | 1 |  1.2
Shields        | 2 4 |  4.1
Invocations    | 2 |  2.9
Fighting       | 1 |  1.2
Evocations     | |  0.1

Action                   |  1- 3 |  4- 6 |  7- 9 | 10-12 || total
-------------------------+-------+-------+-------+-------++-------
Melee: War axe           |       |     1 |     3 |    18 ||    22
 Cast: Foxfire           |    53 |    63 |    42 |    84 ||   242
       Scorch            |     2 |    14 |    22 |    75 ||   113
       Inner Flame       |       |     2 |    48 |   104 ||   154
       Poisonous Vapours |       |     5 |    39 |   108 ||   152
       Magic Dart        |       |       |     6 |    25 ||    31
       Hailstorm         |       |       |     6 |    19 ||    25
       Manifold Assault  |       |       |       |     2 ||     2
       Flame Wave        |       |       |       |     1 ||     1
Invok: Wall of Briars    |       |       |       |     4 ||     4
       Grow Ballistomyce |       |       |       |     1 ||     1
Evoke: Wand              |       |       |       |     1 ||     1
  Use: Scroll            |       |       |     6 |     3 ||     9
       Potion            |       |       |       |    10 ||    10
Armor: Robe              |     1 |     1 |       |       ||     2
       Leather armour    |       |     1 |     3 |    15 ||    19
       Skin              |       |       |       |     4 ||     4
Dodge: Dodged            |     6 |     7 |     7 |    42 ||    62
Block: Tower shield      |       |       |       |    54 ||    54
